 Dungeon Crawl Stone Soup version 0.25-a0-280-gfa4545f159 (webtiles) character file.

Game seed: 17485298874723913331, levelgen mode: deterministic

9030 snuffle the Cleaver (level 11, -4/95 HPs)
             Began as a Grey Draconian Berserker on Dec 10, 2019.
             Was a High Priest of Trog.
             Slain by a death yak (23 damage)
             ... on level 8 of the Dungeon.
             The game lasted 00:17:44 (9095 turns).

snuffle the Cleaver (Grey Draconian Berserker)      Turns: 9095, Time: 00:17:44

Health: -4/95      AC: 14    Str: 20    XL:     11   Next: 17%
Magic:  11/11      EV: 16    Int:  8    God:    Trog [*****.]
Gold:   353        SH:  0    Dex: 13    Spells: 10/10 levels left

rFire    . . .     SeeInvis .   a - +0 war axe
rCold    . . .     Gourm    .   (no shield)
rNeg     . . .     Faith    .   (armour unavailable)
rPois    .         Spirit   .   (helmet restricted)
rElec    .         Reflect  .   x - +0 cloak
rCorr    .         Harm     .   i - +0 pair of gloves
MR       .....                  (no boots)
Stlth    ++++......             (no amulet)
HPRegen  0.25/turn              v - ring of flight
MPRegen  0.12/turn              s - ring of stealth

@: about to teleport, berserk cooldown, slowed, very slow
A: walk through water, unfitting armour, unbreathing, cold-blooded, AC +12
a: Berserk, Trog's Hand, Brothers in Arms, Renounce Religion, Evoke Flight


You were on level 8 of the Dungeon.
You worshipped Trog.
Trog was extremely pleased with you.
You were hungry.

You visited 1 branch of the dungeon, and saw 8 of its levels.

You collected 353 gold pieces.

Inventory:

Hand Weapons
 a - a +0 war axe (weapon)
 l - a +0 trident
 y - a +0 hand axe
Missiles
 d - 17 boomerangs (quivered)
 h - 7 javelins
Armour
 i - a +0 pair of gloves (worn)
 x - a +0 cloak (worn)
Jewellery
 s - a ring of stealth (right hand)
 v - a ring of flight (left hand)
 z - an uncursed ring of ice
Wands
 D - a wand of enslavement (1)
Scrolls
 c - 4 scrolls of remove curse
 e - 4 scrolls of identify
 j - 2 scrolls of fog {unknown}
 k - 2 scrolls of enchant armour {unknown}
 m - 5 scrolls of teleportation
 n - a scroll of enchant weapon {unknown}
 p - 3 scrolls of magic mapping {unknown}
 q - 2 scrolls of blinking {unknown}
 B - 3 scrolls of immolation {unknown}
 C - a scroll of noise {unknown}
 G - a scroll of summoning {unknown}
Potions
 f - a potion of heal wounds
 g - a potion of flight
 o - 4 potions of lignification
 r - a potion of agility {unknown}
 t - a potion of magic {unknown}
 u - a potion of invisibility {unknown}
 w - a potion of mutation {unknown}
 A - 2 potions of haste {unknown}
 F - 3 potions of might
 H - a potion of resistance {unknown}
Comestibles
 b - 20 rations
 E - 4 chunks of flesh


   Skills:
 + Level 8.8 Fighting
 + Level 12.5 Axes
 + Level 8.0 Dodging
 + Level 5.3 Stealth


You had 10 spell levels left.
You didn't know any spells.
Your spell library was empty.

Dungeon Overview and Level Annotations

Branches:
Dungeon (8/15)             Temple (0/1) D:7            Lair (0/6) D:8

Altars:
Ashenzari
Hepliaklqana
Makhleb
Nemelex Xobeh
Qazlal
Sif Muna
Uskayaw
Wu Jian
Xom
Zin
The Shining One

Shops:
D:7 %

Annotations:
D:4 2 runed translucent doors, Xiguana's ghost, amateur OgAr


Innate Abilities, Weirdness & Mutations

You can walk through water.
Your dull iron-grey scales are very hard. (AC +12)
You cannot fit into any form of body armour.
You can survive without breathing.
You are cold-blooded and may be slowed by cold attacks.


Message History

An orc comes into view. It is wielding a +0 mace.
The death yak gores you but does no damage.
You slash the death yak! You tail-slap the death yak!
The death yak is almost dead.
You hit the death yak but do no damage.
You are no longer berserk.
Trog's vigour flows through your veins.
You are exhausted.
You feel yourself slow down.
You hit the death yak but do no damage.
The death yak is almost dead.
You barely miss the death yak. The death yak gores you.
The death yak gores you but does no damage.
The death yak gores you!!
* * * LOW HITPOINT WARNING * * *
The death yak gores you.
* * * LOW HITPOINT WARNING * * *
As you read the scroll of teleportation, it crumbles to dust.
You feel strangely unstable. The death yak gores you!!
You die...

#.....#............#...###...
#.....#......####+####'###...
#.....#......#...............
#.....'......#......Y........
#.....#......#.....Y.....YYY.
#.....#......#....##....##Y##
#.....#......###'###:...##Y#.
#.....#.....YYo....+.......#.
#.....#.....@#.....#.......#.
#.....#......#.....#.......#.
#.....'...<..########...##'#.
#.....#.............#####....
#######.............#...#....
#.............#...#....
#.............#...#....
#.............##..#....
#######........#..##...


You could see 2 death yaks and an orc.

Vanquished Creatures
  A two-headed ogre (D:8)
  5 death yaks (D:8)
  Joseph (D:7)
  A kobold demonologist (D:8)
  A hippogriff (D:7)
  A hungry ghost (D:8)
  A water moccasin (D:5)
  2 sky beasts
  A phantom (D:7)
  2 ice beasts
  An orc warrior (D:6)
  2 black bears (D:7)
  8 ogres
  4 centaurs
  9 bullfrogs
  A gnoll sergeant (D:7)
  4 scorpions
  9 wights (D:6)
  3 howler monkeys
  6 crimson imps
  3 bullfrog zombies
  A quasit (D:6)
  3 hounds
  A centaur zombie (D:6)
  A gnoll shaman (D:6)
  An orc priest (D:6)
  A jelly (D:5)
  2 bullfrog skeletons
  A centaur skeleton (D:8)
  6 iguanas
  7 orc wizards
  2 worker ants (D:6)
  7 gnolls
  A howler monkey skeleton (D:4)
  8 adders
  2 shadow imps
  An ooze (D:5)
  3 adder skeletons
  3 worms
  5 dart slugs (D:1)
  4 leopard geckos
  17 orcs
  A ball python (D:4)
  5 giant cockroaches
  8 goblins
  4 hobgoblins
  6 jackals
  7 quokkas
  A ball python skeleton (D:4)
  9 bats
  3 frilled lizards
  A giant cockroach zombie (D:3)
  2 goblin skeletons (D:6)
  2 hobgoblin zombies (D:6)
  10 kobolds
  A kobold skeleton (D:6)
  2 kobold zombies (D:6)
  10 rats
215 creatures vanquished.

Notes
Turn   | Place    | Note
-------+----------+-------------------------------------------
     0 | D:1      | snuffle the Draconian Berserker began the quest for the
                  | Orb.
     0 | D:1      | Reached XP level 1. HP: 19/19 MP: 1/1
   144 | D:1      | Reached XP level 2. HP: 13/26 MP: 2/2
   555 | D:1      | Reached ** piety under Trog
   656 | D:1      | Reached XP level 3. HP: 33/33 MP: 3/3
  1055 | D:2      | Reached skill level 4 in Axes
  1055 | D:2      | Reached XP level 4. HP: 40/40 MP: 4/4
  1920 | D:3      | Reached XP level 5. HP: 41/46 MP: 5/5
  2495 | D:3      | Found a sparkling altar of Nemelex Xobeh.
  2495 | D:3      | Found a hazy altar of Hepliaklqana.
  2681 | D:4      | Reached skill level 1 in Stealth
  2758 | D:4      | Found a large runed translucent door.
  2758 | D:4      | Found a large runed translucent door.
  2839 | D:4      | Noticed Xiguana's ghost (amateur OgAr)
  2877 | D:4      | Reached skill level 5 in Axes
  2923 | D:4      | Reached *** piety under Trog
  2923 | D:4      | Reached XP level 6. HP: 37/53 MP: 6/6
  3427 | D:5      | Entered Level 5 of the Dungeon
  3861 | D:5      | Noticed a +0 hand axe
  3862 | D:5      | Found a hide-covered altar of Uskayaw.
  3862 | D:5      | Noticed a +0 hand axe
  3883 | D:5      | Reached skill level 6 in Axes
  3883 | D:5      | Your scales start taking on a dull iron-grey colour.
  3883 | D:5      | Reached XP level 7. HP: 31/60 MP: 7/7
  3883 | D:5      | Gained mutation: You can survive without breathing. [Grey
                  | Draconian growth]
  4189 | D:5      | Reached skill level 7 in Axes
  4189 | D:5      | Reached skill level 5 in Dodging
  4458 | D:5      | Reached skill level 5 in Fighting
  4458 | D:5      | Reached XP level 8. HP: 55/68 MP: 8/8
  4622 | D:5      | Found a shimmering blue altar of Sif Muna.
  4624 | D:5      | Found a burning altar of Makhleb.
  4625 | D:5      | Found an ornate altar of the Wu Jian Council.
  4843 | D:6      | Found a glowing golden altar of the Shining One.
  5256 | D:6      | Reached skill level 8 in Axes
  5257 | D:6      | Found a shattered altar of Ashenzari.
  5756 | D:6      | Reached **** piety under Trog
  5814 | D:6      | Reached XP level 9. HP: 70/75 MP: 9/9
  6193 | D:6      | Reached skill level 9 in Axes
  6681 | D:7      | Reached ***** piety under Trog
  6681 | D:7      | Received a gift from Trog
  6681 | D:7      | Reached skill level 10 in Axes
  6772 | D:7      | Found a glowing silver altar of Zin.
  6772 | D:7      | Found a shimmering altar of Xom.
  6772 | D:7      | Noticed an angel
  6788 | D:7      | Found a stormy altar of Qazlal.
  6935 | D:7      | Noticed Joseph
  6965 | D:7      | Killed Joseph
  6965 | D:7      | Reached XP level 10. HP: 57/86 MP: 10/10
  7221 | D:7      | Found Pinuim's Food Boutique.
  7584 | D:7      | Found a staircase to the Ecumenical Temple.
  7868 | D:8      | Noticed a two-headed ogre
  7885 | D:8      | Killed a two-headed ogre
  7885 | D:8      | Reached skill level 11 in Axes
  8479 | D:8      | Noticed a death yak
  8481 | D:8      | Found a staircase to the Lair.
  8481 | D:8      | Noticed a death yak
  8481 | D:8      | Noticed a death yak
  8482 | D:8      | Noticed a death yak
  8482 | D:8      | Noticed a death yak
  8482 | D:8      | Noticed a death yak
  8498 | D:8      | Noticed a death yak
  8504 | D:8      | Killed a death yak
  8514 | D:8      | Killed a death yak
  8514 | D:8      | Reached skill level 5 in Stealth
  8778 | D:8      | Reached skill level 12 in Axes
  9073 | D:8      | Killed a death yak
  9073 | D:8      | Reached XP level 11. HP: 95/95 MP: 11/11
  9080 | D:8      | Killed a death yak
  9080 | D:8      | Received a gift from Trog
  9088 | D:8      | Killed a death yak
  9095 | D:8      | Slain by a death yak

Levels and vault maps discovered:
D:1:      giann_horns, layout_basic, serial_bayou_pond_b, minivault_4
D:2:      layout_basic, minmay_pentomino_p2
D:3:      layout_loops_ring, gammafunk_temple_overflow_wave, first_ration,
          bh_walls_and_bars
D:4:      layout_gridville, ebering_ghost_disaster_area
D:5:      layout_loops_ring, dancing_weapons_uskayaw,
          chequers_temple_overflow_statue_of_worship
D:6:      minmay_razor_zed, layout_loops_cross, ashenzari_altar_1,
          nicolae_tso_besieged_by_evil
D:7:      layout_layer_cave, grunt_temple_overflow_order_and_chaos_1,
          nicolae_qazlal_general_emergency, minmay_temple_entry_hall,
          serial_shops, nicolae_shop_window_shopping,
          minmay_fractal_squares_diagonal_5, uniq_joseph
D:8:      layout_gridville, dpeg_lair_monsters

Skill      XL: |  1  2  3  4  5  6  7  8  9 10 |
---------------+-------------------------------+-----
Dodging        | 3 4 5 6 7 8 |  8.0
Axes           | 4 5 6 7 8 10 12 | 12.5
Fighting       | 4 5 7 8 |  8.8
Stealth        | 1 2 3 4 5 |  5.3

Action                   |  1- 3 |  4- 6 |  7- 9 | 10-12 || total
-------------------------+-------+-------+-------+-------++-------
Melee: Hand axe          |    99 |   247 |   255 |       ||   601
       Tailslap          |    13 |    39 |    64 |    26 ||   142
       War axe           |       |       |   114 |   163 ||   277
Invok: Berserk           |       |     2 |    10 |     4 ||    16
       Trog's Hand       |       |       |     2 |     1 ||     3
  Use: Potion            |       |     4 |       |       ||     4
       Scroll            |       |       |       |     4 ||     4
 Stab: Sleeping          |       |     1 |     6 |     6 ||    13
       Distracted        |       |       |     2 |       ||     2
  Eat: Chunk             |       |     8 |    13 |    12 ||    33
       Ration            |       |     1 |     2 |       ||     3
Armor: Skin              |    37 |    82 |   118 |    52 ||   289
Dodge: Dodged            |    70 |   173 |   280 |    96 ||   619

Table legend:
 A = Non-vault XP
 B = Vault XP
 C = Vault XP percentage of total XP
 D = Non-vault monster count
 E = Vault monster count
 F = Vault count percentage of total count
                 A         B        C        D         E       F
            +---------+---------+-------+---------+---------+-------
      Total |    6577 |    6323 |  49.0 |     174 |      41 |  19.1
            +---------+---------+-------+---------+---------+-------
        D:1 |      48 |      13 |  21.3 |      28 |       6 |  17.6
        D:2 |     114 |       1 |   0.9 |      22 |       1 |   4.3
        D:3 |      40 |       0 |   0.0 |      12 |       0 |   0.0
        D:4 |     317 |       0 |   0.0 |      16 |       0 |   0.0
        D:5 |    1182 |       0 |   0.0 |      23 |       0 |   0.0
        D:6 |    1700 |     753 |  30.7 |      35 |      21 |  37.5
        D:7 |     759 |    1182 |  60.9 |      14 |       8 |  36.4
        D:8 |    2417 |    4374 |  64.4 |      24 |       5 |  17.2
            +---------+---------+-------+---------+---------+-------
